 Dungeon Crawl Stone Soup version 0.31.0-11-ge490571c62 (webtiles) character file.

Game seed: 5097823492699559492

111 qw the Skirmisher (level 4, -2/25 HPs)
             Began as a Deep Elf Hunter on Feb 3, 2024.
             Slain by an adder (3 damage)
             ... on level 3 of the Dungeon.
             The game lasted 00:00:05 (1805 turns).

qw the Skirmisher (Deep Elf Hunter)                 Turns: 1805, Time: 00:00:05

Health: -2/25      AC:  4    Str: 10    XL:     4   Next: 62%
Magic:  6/6        EV: 12    Int: 14    God:
Gold:   150        SH:  0    Dex: 18    Spells: 3/3 levels left

rFire   . . .        a - +0 shortbow
rCold   . . .        (shield currently unavailable)
rNeg    . . .        c - +0 leather armour
rPois   .            g - +0 helmet
rElec   .            (no cloak)
rCorr   .            (no gloves)
SInv    .            (no boots)
Will    .....        (no amulet)
Stlth   ++           (no ring)
HPRegen 0.24/turn    (no ring)
MPRegen 0.10/turn

%: no passive effects
@: lethally poisoned (-2 -> -6)
A: no striking features
a: no special abilities


You were on level 3 of the Dungeon.
You visited 1 branch of the dungeon, and saw 3 of its levels.

You collected 150 gold pieces.


   Skills:
 - Level 1.5 Fighting
 + Level 8.0 Ranged Weapons
 - Level 2.4 Dodging
 - Level 1.2 Stealth


You had 3 spell levels left.
You didn't know any spells.
Your spell library was empty.

Inventory:

Hand Weapons
 a - a +0 shortbow (weapon)
Armour
 c - a +0 leather armour (worn)
 g - a +0 helmet (worn)
Scrolls
 b - a scroll of teleportation {unknown}
 d - a scroll of enchant armour {unknown}
 f - a scroll of fog {unknown}
Potions
 e - a potion of curing
 i - a potion of enlightenment
 k - a potion of mutation {unknown}

Dungeon Overview and Level Annotations

Branches:
Dungeon (3/15)

Altars:


Message History

You shoot an arrow. The arrow hits the orc priest.
The orc priest is heavily wounded.
An orc wizard comes into view. It is wielding a +0 dagger.
You shoot an arrow.
The arrow hits the orc priest but does no damage.
The orc priest is heavily wounded.
The orc priest looks braver for a moment.
You shoot an arrow.
The arrow hits the orc priest but does no damage.
The orc priest is heavily wounded.
You hear a shout!
The adder bites you.
An orc priest comes into view. It is wielding a +0 club.
The orc priest hits you with a +0 dagger.
The adder closely misses you.
You shoot an arrow.
The arrow hits the orc priest but does no damage.
The orc priest is heavily wounded.
The adder bites you but does no damage.
You shoot an arrow.
The arrow closely misses the orc priest.
The adder bites you but does no damage.
An orc comes into view. It is wielding a +0 club.
The orc priest hits you with a +0 dagger.
1802 ||| RETREEEEATING.
The orc priest hits you with a +0 dagger.
The adder bites you.
You are lethally poisoned!
The adder poisons you!
You shoot an arrow.
The arrow closely misses the orc priest.
You feel sick. The adder bites you but does no damage.
You shoot an arrow. The arrow hits the orc priest.
The orc priest is severely wounded.
You feel sick.
The orc priest hits you with a +0 dagger.
The adder bites you but does no damage.
1805 ||| RETREEEEATING.
You feel sick. The adder attacks as it pursues you! The adder bites you.
You die...

......#
###..##...###..
###.....
#...#......<
##.###...#.....#
.....####....##
..##. ##....####
. # #.......#
#....##.#. ### #
#......... ...
#.# #.@.##%.. #
#...#.oS# ... #
#....## ..
####oo...#
.o.#### o[#...
##. .... #.
.....% .. ......


You could see 2 orc priests, an orc wizard, an adder and an orc.

Vanquished Creatures
  6 adders (D:2)
  3 dart slugs
  An orc (D:3)
  9 ball pythons
  2 endoplasms
  A giant cockroach (D:1)
  7 hobgoblins
  4 kobolds
  A quokka (D:1)
  2 bats (D:1)
  5 frilled lizards
  7 goblins
  2 rats
50 creatures vanquished.

Notes
Turn   | Place    | Note
-------+----------+-------------------------------------------
     0 | D:1      | qw the Deep Elf Hunter began the quest for the Orb.
     0 | D:1      | Reached XP level 1. HP: 12/12 MP: 3/3
     0 | D:1      | 0 ||| qw: Version: 0.3-a-157-g843a77d
     0 | D:1      | 0 ||| qw: Game counter: 3957
     0 | D:1      | 0 ||| qw: Melee chars always use a shield: true
     0 | D:1      | 0 ||| qw: God list: Okawaru
     0 | D:1      | 0 ||| qw: Allow faded altars: false
     0 | D:1      | 0 ||| qw: Do Orc after clearing Dungeon:15 true
     0 | D:1      | 0 ||| qw: Do second Lair branch before Depths: true
     0 | D:1      | 0 ||| qw: Lair rune preference: random
     0 | D:1      | 0 ||| qw: Goals: Normal
     0 | D:1      | 0 ||| PLANNING D:1-11
    33 | D:1      | Reached XP level 2. HP: 14/16 MP: 4/4
    45 | D:1      | Reached skill level 6 in Ranged Weapons
   940 | D:1      | 940 ||| UPGRADING to +0 helmet.
   945 | D:1      | 945 ||| DROPPING ring of magical power.
   946 | D:1      | 946 ||| DROPPING ring of flight.
   947 | D:1      | 947 ||| READING scroll labelled KUETZO MASTREOFF.
   948 | D:1      | 948 ||| READING scroll labelled XOADUR FIBAOF.
   948 | D:1      | 948 ||| IDENTIFYING bubbling dark potion
   949 | D:1      | 949 ||| READING scroll labelled QEECOC GOTUF.
   950 | D:1      | 950 ||| DROPPING scroll of butterflies.
  1026 | D:2      | Reached XP level 3. HP: 20/20 MP: 5/5
  1170 | D:2      | Found a faded altar of an unknown god.
  1240 | D:2      | Reached skill level 7 in Ranged Weapons
  1408 | D:2      | Reached XP level 4. HP: 25/25 MP: 6/6
  1673 | D:2      | 1673 ||| READING 2 scrolls of identify.
  1673 | D:2      | 1673 ||| IDENTIFYING inky potion
  1674 | D:2      | 1674 ||| READING scroll of identify.
  1674 | D:2      | 1674 ||| IDENTIFYING fuming sapphire potion
  1675 | D:2      | 1675 ||| READING 2 scrolls labelled UKHOHO KE YTH.
  1676 | D:2      | 1676 ||| READING scroll labelled YCITHR XECK.
  1677 | D:2      | 1677 ||| DRINKING 2 fizzy golden potions.
  1720 | D:2      | 1720 ||| DROPPING potion of lignification.
  1721 | D:2      | 1721 ||| DROPPING scroll of amnesia.
  1722 | D:2      | 1722 ||| DROPPING potion of berserk rage.
  1785 | D:3      | Reached skill level 8 in Ranged Weapons
  1802 | D:3      | 1802 ||| RETREEEEATING.
  1802 | D:3      | HP: 6/25 [adder (1)]
  1804 | D:3      | HP: 1/25 [orc priest/+0 dagger (2)]
  1805 | D:3      | 1805 ||| RETREEEEATING.
  1805 | D:3      | Slain by an adder

Levels and vault maps discovered:
D:1:      matt_arrival_grand_opening, layout_basic
D:2:      layout_basic, hellmonk_ecumenical_altar_heavens_door,
          minmay_snake_closets
D:3:      layout_rooms, ashenzari_altar_1

Skill      XL: |  1  2  3  4 |
---------------+-------------+-----
Ranged Weapons | 6 7 8 |  8.0
Fighting       | |  1.5
Dodging        | |  2.4
Stealth        | |  1.2

Action                     |  1- 3 |  4- 6 || total
---------------------------+-------+-------++-------
   Fire: Shortbow          |    67 |    34 ||   101
    Use: Scroll            |     3 |     4 ||     7
         Potion            |       |     1 ||     1
 Armour: Leather armour    |     5 |    15 ||    20
  Dodge: Dodged            |     9 |     4 ||    13

Table legend:
 A = Non-vault XP
 B = Vault XP
 C = Vault XP percentage of total XP
 D = Non-vault monster count
 E = Vault monster count
 F = Vault count percentage of total count
                 A         B        C        D         E       F
            +---------+---------+-------+---------+---------+-------
      Total |      97 |      62 |  39.0 |      40 |      10 |  20.0
            +---------+---------+-------+---------+---------+-------
        D:1 |      36 |       0 |   0.0 |      21 |       0 |   0.0
        D:2 |      46 |      62 |  57.4 |      13 |      10 |  43.5
        D:3 |      15 |       0 |   0.0 |       6 |       0 |   0.0
            +---------+---------+-------+---------+---------+-------
